AoeStats
← ska_18

Arena

506358600Analyzed
3v3 RM · 18d ago on Sep 13, 2026· 38m 15s· 6 players
Game mode
Random Map
Map size
Normal (6 player)
Population
200
Speed
Normal
Resources
Standard
Victory
Conquest
Starting age
Dark Age
Ending age
Imperial Age
RankedLock teamsTeams togetherTeam positionsShared explorationLock speedFull tech treeHidden civsTurbo modeCheats
Victory
Defeat
🇨🇳 Japanese · China
1090
+11
🇨🇳 Bohemians · China
1089
+11
1081
+12
🇨🇳 Huns · China
1020
-13
🇦🇺 Spanish · Australia
972
-11
🇦🇹 Saracens · Austria
958
-10
280244465
0:27 Loom
11:03 Feudal Age
15:15 Castle Age
13:28 Double-Bit Axe
13:53 Horse Collar
15:25 Gold Mining
16:56 Bow Saw
22:06 Forging
22:46 Scale Barding Armor
24:01 Bloodlines
24:34 Iron Casting
26:28 Wheelbarrow
27:24 Marauders
28:00 Hand Cart
32:25 Imperial Age
30:36 Town Watch
31:14 Chain Barding Armor
31:25 Town Patrol
32:34 Elite Tarkan
34:33 Blast Furnace
34:54 Plate Barding Armor
34:41 Conscription
34:42 Husbandry
36:17 Scale Mail Armor
ska_18
10:04 Feudal Age
13:07 Loom
15:48 Castle Age
14:10 Double-Bit Axe
14:26 Horse Collar
17:36 Wheelbarrow
18:56 Wheelbarrow
21:48 Forging
21:44 Scale Barding Armor
28:31 Gold Mining
28:58 Bow Saw
33:24 Imperial Age
31:28 Town Watch
32:14 Stone Mining
32:18 Fletching
35:41 Conscription
35:44 Hand Cart
36:24 Chain Barding Armor
36:41 Iron Casting
36:55 Conscription
Victor_Wembanyama
10:09 Feudal Age
11:13 Double-Bit Axe
14:54 Castle Age
13:41 Horse Collar
18:20 Wheelbarrow
18:47 Bow Saw
24:45 Loom
27:50 Hand Cart
30:29 Imperial Age
28:35 Husbandry
28:46 Bloodlines
28:50 Heavy Plow
29:42 Scale Barding Armor
29:28 Fletching
29:48 Forging
32:15 Elite Conquistador
34:23 Light Cavalry
无情的报点机器
10:44 Feudal Age
14:23 Castle Age
12:10 Double-Bit Axe
12:11 Horse Collar
14:48 Loom
15:15 Bow Saw
18:56 Scale Barding Armor
19:28 Bloodlines
21:09 Wheelbarrow
21:58 Forging
28:44 Imperial Age
26:55 Gold Mining
28:28 Heavy Plow
28:27 Cavalier
29:28 Hand Cart
30:33 Savar
33:20 Gold Shaft Mining
33:13 Husbandry
33:43 Conscription
35:36 Chemistry
35:16 Iron Casting
35:02 Chain Barding Armor
34:31 Pikeman
35:12 Squires
34:57 Gambesons
35:27 Halberdier
36:29 Masonry
36:39 Ballistics
36:15 Stone Mining
CC
11:09 Feudal Age
15:15 Castle Age
14:04 Double-Bit Axe
14:04 Horse Collar
17:43 Bow Saw
20:04 Heavy Plow
25:00 Gold Mining
26:19 Wheelbarrow
30:26 Imperial Age
29:18 Gold Shaft Mining
29:03 Hand Cart
28:34 Loom
29:08 Fletching
29:19 Padded Archer Armor
29:22 Stone Mining
29:46 Bodkin Arrow
30:41 Ballistics
31:09 Bracer
31:25 Leather Archer Armor
32:12 Chemistry
31:18 Husbandry
31:29 Bloodlines
32:38 Thumb Ring
32:00 Heavy Cavalry Archer
34:07 Two-Man Saw
35:03 Bloodlines
35:44 Coinage
37:09 Parthian Tactics
38:44 Banking
39:08 Ring Archer Armor
。
11:14 Feudal Age
15:18 Castle Age
13:40 Double-Bit Axe
14:16 Horse Collar
15:19 Loom
27:08 Bow Saw
27:18 Heavy Plow
30:03 Fervor
34:19 Imperial Age
32:03 Fortified Wall
33:15 Wheelbarrow
32:36 Pikeman
33:16 Squires
33:03 Arson
33:25 Scale Mail Armor
33:36 Forging
34:48 Chemistry
33:32 Elite Skirmisher
34:59 Ballistics
34:22 Halberdier
35:59 Conscription
37:26 Chain Mail Armor
37:47 Iron Casting
Connection lost

Rejoining the realm…

Still unreachable

The connection could not be restored.

Session expired

The server has moved on; the page needs a fresh start.